 Dungeon Crawl Stone Soup version 0.26.0-8-g74fc34ddfb (webtiles) character file.

Game seed: 16068762618158423258

37 raceaflais the Magician (level 3, 0/24 HPs)
             Began as a Human Hedge Wizard on Jan 12, 2021.
             Slain by a hobgoblin
             ... wielding a +0 club
              (1 damage)
             ... on level 2 of the Dungeon.
             The game lasted 00:04:25 (2220 turns).

raceaflais the Magician (Human Hedge Wizard)        Turns: 2220, Time: 00:04:26

Health: 0/24       AC:  2    Str:  7 (10) XL:     3   Next: 60%
Magic:  3/8        EV: 12    Int: 14 (15) God:
Gold:   123        SH:  0    Dex:  9 (12) Spells: 8/9 levels left

rFire    . . .     SeeInvis .   a - +0 dagger
rCold    . . .     Faith    .   (no shield)
rNeg     . . .     Spirit   .   b - +0 robe
rPois    .         Reflect  .   c - +0 hat
rElec    .         Harm     .   (no cloak)
rCorr    .         Rampage  .   (no gloves)
Will     .....                  (no boots)
Stlth    ++........             (no amulet)
HPRegen  0.08/turn              (no ring)
MPRegen  0.11/turn              (no ring)

@: brilliant
A: no striking features
a: no special abilities


You were on level 2 of the Dungeon.
You visited 1 branch of the dungeon, and saw 2 of its levels.

You collected 123 gold pieces.

Inventory:

Hand Weapons
 a - a +0 dagger (weapon)
Missiles
 l - a throwing net
Armour
 b - a +0 robe (worn)
 c - a +0 hat (worn)
Scrolls
 d - a scroll of blinking {unknown}
 e - a scroll of random uselessness {unknown}
 h - a scroll of identify {unknown}
 k - a scroll of amnesia {unknown}
Potions
 i - a potion of degeneration


   Skills:
 + Level 2.3 Dodging
 + Level 2.2 Stealth
 + Level 3.6 Spellcasting
 + Level 1.4 Conjurations
 + Level 1.1 Summonings
 + Level 1.0 Translocations


You had 8 spell levels left.
You knew the following spells:

 Your Spells              Type           Power        Failure   Level
a - Magic Dart            Conj           36%          11%         1

Your spell library contained the following spells:

 Spells                   Type           Power        Failure   Level
 Call Imp                 Summ           8%           19%         2
 Blink                    Tloc           N/A          21%         2
 Slow                     Hex            3%           30%         2
 Conjure Flame            Conj/Fire      6%           41%         3
 Mephitic Cloud           Conj/Pois/Air  5%           45%         3


Dungeon Overview and Level Annotations

Branches:
Dungeon (2/15)

Altars:
Ashenzari


Message History

The goblin hits you but does no damage. The goblin hits you.
* * * LOW HITPOINT WARNING * * *
You float gracefully downwards.
The goblin hits you.
* * * LOW HITPOINT WARNING * * *
The goblin hits you.
* * * LOW HITPOINT WARNING * * *
The goblin hits you but does no damage.
Casting: Magic Dart (safe; 11% risk of failure)
Confirm with . or Enter, or press ? or * to list all spells.
Aiming: Magic Dart (safe; 11% risk of failure)
Press: ? - help, Shift-Dir - straight line, f - hobgoblin
Aim: a hobgoblin, wielding a +0 club (0% to evade)
You feel a surge of power!
The magic dart hits the hobgoblin but does no damage.
The goblin hits you.
* * * LOW HITPOINT WARNING * * *
The hobgoblin hits you with a +0 club.
You die...

#.##.# #..##
#.##.# #..#
#.##.# #..#
#....## ##..#
#.#...# #...#
#.###.## ##...#
#.# #..###
###..### #.#
##...######...##
#.#
##@#........###
#.#
#gg##########
#.###K## #K##..#
#.##.## #.#..#
#.#.## #...#
#####


You could see a hobgoblin, a goblin and a kobold.

Vanquished Creatures
  An adder (D:2)
  A worm (D:2)
  A dart slug (D:1)
  A leopard gecko (D:1)
  A giant cockroach (D:2)
  3 goblins
  3 hobgoblins
  2 jackals (D:1)
  A kobold (D:1)
  3 bats
  A frilled lizard (D:2)
  2 rats
20 creatures vanquished.

Vanquished Creatures (others)
  61 fungi (D:2)
  90 plants
151 creatures vanquished.

Grand Total: 171 creatures vanquished

Notes
Turn   | Place    | Note
-------+----------+-------------------------------------------
     0 | D:1      | raceaflais the Human Hedge Wizard began the quest for the
                  | Orb.
     0 | D:1      | Reached XP level 1. HP: 13/13 MP: 4/4
   374 | D:1      | Found a broken altar of Ashenzari.
   448 | D:1      | Reached XP level 2. HP: 19/19 MP: 0/6
  1091 | D:1      | You fall into a shaft and drop 1 floor!
  1263 | D:2      | Reached XP level 3. HP: 24/24 MP: 2/8
  2220 | D:2      | HP: 1/24 [goblin (1)]
  2220 | D:2      | Slain by a hobgoblin

Illustrated notes

Levels and vault maps discovered:
D:1:      tarquinn_simple_flora_water_b, layout_basic, ashenzari_altar_1
D:2:      layout_basic, tgw_fedhas, marbit_many_paths, serial_glass,
          glass_columns_a, glass_columns_b, minmay_randomly_rotated_circles,
          uniq_robin

Action                   || total
-------------------------++-------
Melee: Dagger            ||    26
 Cast: Magic Dart        ||    70
  Use: Potion            ||     4
Armor: Robe              ||     8
Dodge: Dodged            ||    32
